 Dungeon Crawl Stone Soup version 0.29-a0-1047-g7c58e119a4 (webtiles) character file.

Game seed: 11242969597098654705

3798 nicolae the Cleaver (level 10, -1/66 (70) HPs)
             Began as a Formicid Fighter on Aug 16, 2022.
             Was a Follower of Okawaru.
             Killed by divine providence
             ... invoked by an orc priest
              (11 damage)
             ... on level 8 of the Dungeon.
             The game lasted 00:15:48 (10349 turns).

nicolae the Cleaver (Formicid Fighter)             Turns: 10349, Time: 00:15:48

HP:   -1/66 (70)    AC: 17    Str: 25    XL:     10   Next: 39%
MP:   10/10         EV: 21    Int:  8    God:    Okawaru [*.....]
Gold: 536           SH:  5    Dex: 13    Spells: 9/9 levels left

rFire   . . .      SeeInvis +   a - +0 battleaxe
rCold   . . .      Faith    .   c - +0 buckler
rNeg    . . .      Spirit   .   v - +0 plate armour
rPois   .          Reflect  .   (helmet unavailable)
rElec   .          Harm     .   s - +2 cloak
rCorr   .          Rampage  .   h - +0 pair of gloves
Will    +....                   G - +1 pair of boots
Stlth   ..........              q - amulet of the acrobat
HPRegen 0.21/turn               (no ring)
MPRegen 0.12/turn               (no ring)

@: mighty, acrobatic, drained, invisible
A: permanent stasis, dig shafts and tunnels, antennae 3, four strong arms
a: Dig, Shaft Self, Renounce Religion, Heroism


You were on level 8 of the Dungeon.
You worshipped Okawaru.
Okawaru was aware of your devotion.
You visited 2 branches of the dungeon, and saw 9 of its levels.

You collected 536 gold pieces.

Inventory:

Hand Weapons
 a - a +0 battleaxe (weapon)
 F - a +2 antimagic war axe
Missiles
 i - 14 poisoned darts
 p - 3 javelins
 t - 8 boomerangs
 y - 2 throwing nets
Armour
 c - a +0 buckler (worn)
 h - a +0 pair of gloves (worn)
 s - a +2 cloak (worn)
 v - a +0 plate armour (worn)
 G - a +1 pair of boots (worn)
Magical Staves
 w - a staff of poison
Jewellery
 l - an amulet of regeneration
 n - a ring of wizardry
 q - an amulet of the acrobat (around neck)
Wands
 k - a wand of iceblast (9)
 C - a wand of charming (24)
 E - a wand of quicksilver (10)
Scrolls
 e - a scroll of fear
 f - 3 scrolls of magic mapping
 g - a scroll of butterflies {unknown}
 m - a scroll of immolation {unknown}
 o - a scroll of poison
 u - a scroll of enchant weapon {unknown}
Potions
 b - 2 potions of attraction
 j - 4 potions of curing
 r - a potion of invisibility
 x - a potion of brilliance
 z - a potion of lignification
 A - 3 potions of resistance
 D - a potion of ambrosia


   Skills:
 - Level 3.2 Fighting
 + Level 13.6 Axes
 - Level 3.2 Armour
 - Level 7.0 Shields


You had 9 spell levels left.
You didn't know any spells.
Your spell library contained the following spells:

 Spells                   Type           Power      Damage    Failure   Level
 Foxfire                  Conj/Fire      0%         2x1d4     100%        1
 Magic Dart               Conj           0%         1d3       100%        1
 Slow                     Hex            0%         N/A       100%        1
 Confusing Touch          Hex            0%         N/A       100%        3
 Conjure Flame            Conj/Fire      0%         6-21      100%        3
 Gell's Gravitas          Tloc           0%         N/A       100%        3
 Inner Flame              Hex/Fire       0%         N/A       100%        3
 Lesser Beckoning         Tloc           0%         N/A       100%        3
 Mephitic Cloud           Conj/Pois/Air  0%         N/A       100%        3
 Teleport Other           Tloc           0%         N/A       100%        3
 Vampiric Draining        Necr           0%         2d6       100%        3
 Cause Fear               Hex            0%         N/A       100%        4
 Flame Wave               Conj/Fire      0%         2d4       100%        4
 Discord                  Hex            0%         N/A       100%        8
 Call Imp                 Summ           Unusable   N/A       N/A         2

Dungeon Overview and Level Annotations

Branches:
Dungeon (8/15)             Temple (1/1) D:7
   Lair: D:8-11

Altars:
Ashenzari
Cheibriados
Dithmenos
Elyvilon
Fedhas
Gozag
Hepliaklqana
Kikubaaqudgha
Makhleb
Nemelex Xobeh
Okawaru
Qazlal
Ru
Trog
Uskayaw
Vehumet
Wu Jian
Yredelemnul
Zin
The Shining One

Shops:
D:2 :

Annotations:
D:7 1 runed translucent door, pigah's ghost, novice OpAE


Innate Abilities, Weirdness & Mutations

You cannot be hasted, slowed, berserked, paralysed or teleported.
You can dig through walls and to a lower floor.
You have a pair of large antennae on your head. (SInv)
Your four strong arms can wield two-handed weapons with a shield.


Message History

You closely miss the wight. You miss the blink frog.
The wight hits you but does no damage.
The orc priest invokes the aid of Beogh against you.
Pain shoots through your body!
The wight hits you with a +4 long sword.
The blink frog hits you.
The blink frog blinks!
You barely miss the orc priest. You closely miss the wight. You hit the wight.
You destroy the wight!
Okawaru accepts your kill.
The wight hits you with a +4 long sword.
The orc priest hits you with a +0 whip.
* * * LOW HITPOINT WARNING * * *
Unknown command.
You barely miss the wight. You hit the orc priest. The wight barely misses you.
The orc priest hits you but does no damage.
The blink frog blinks!
You hit the wight.
The wight is moderately damaged.
You barely miss the orc priest. The wight hits you but does no damage.
The orc priest hits you with a +0 whip.
* * * LOW HITPOINT WARNING * * *
You feel better. You block the wight's attack.
The orc priest hits you but does no damage.
The blink frog hits you.
* * * LOW HITPOINT WARNING * * *
You feel very mighty all of a sudden. The blink frog hits you!
* * * LOW HITPOINT WARNING * * *
The wight barely misses you.
The orc priest hits you but does no damage.
The blink frog hits you but does no damage.
You slice the blink frog!!
The blink frog is severely wounded.
You hit the orc priest. You closely miss the wight.
The orc priest closely misses you. The blink frog hits you.
* * * LOW HITPOINT WARNING * * *
You block the wight's attack.
The orc priest mumbles some strange prayers to Beogh against you.
Beogh smites you!
You die...

...###....#.. #......
....#.......# .........
............##.........#
.............#..........
........................
........................
........................
#.....zF.......>.....#(.
#####..@o...............
#..........#..........
#...........##.........
#.........#####.^......
#..........######..####
..............####.##
....................#
..>.........##......#
....####.####.....##


You could see a blink frog shaped shifter (unable to see you), a wight (unable
to see you) and an orc priest (unable to see you).

Vanquished Creatures
  Sigmund (D:7)
  A wraith (D:5)
  A steam dragon (D:8)
  Edmund (D:7)
  A water moccasin (D:7)
  Duvessa (D:6)
  3 orc warriors
  2 ice beasts
  A black bear (D:7)
  A hornet zombie (D:6)
  3 ogres
  A centaur (D:6)
  A phantom (D:4)
  Blork the orc (D:5)
  3 necrophages
  A wyvern zombie (D:6)
  2 scorpions
  A water moccasin zombie (D:6)
  6 wights
  Dowan (D:6)
  An electric eel (D:6)
  2 bullfrog zombies (D:6)
  4 hounds
  3 orc priests
  A gnoll bouda (D:6)
  5 iguanas
  13 orc wizards
  A killer bee zombie (D:6)
  A howler monkey zombie (D:6)
  11 adders
  7 gnolls
  5 worms
  4 dart slugs
  28 orcs
  13 ball pythons
  6 bats
  6 endoplasms
  5 giant cockroaches
  9 goblins
  5 hobgoblins
  9 jackals
  2 quokkas
  5 frilled lizards
  3 kobolds
  8 rats
190 creatures vanquished.

Vanquished Creatures (others)
  2 plants (D:7)
2 creatures vanquished.

Grand Total: 192 creatures vanquished

Notes
Turn   | Place    | Note
-------+----------+-------------------------------------------
     0 | D:1      | nicolae the Formicid Fighter began the quest for the Orb.
     0 | D:1      | Reached XP level 1. HP: 18/18 MP: 1/1
   139 | D:1      | Reached XP level 2. HP: 23/24 MP: 2/2
   317 | D:1      | Reached XP level 3. HP: 27/29 MP: 3/3
   521 | D:1      | Found a faded altar of an unknown god.
  1082 | D:2      | Reached skill level 3 in Axes
  1082 | D:2      | Reached skill level 5 in Shields
  1310 | D:2      | Reached XP level 4. HP: 30/35 MP: 4/4
  1677 | D:2      | Found Byerof's Vocational Training.
  2234 | D:3      | Found a radiant altar of Vehumet.
  2453 | D:3      | Found a sacrificial altar of Ru.
  2453 | D:3      | Found a sparkling altar of Nemelex Xobeh.
  2568 | D:4      | Reached XP level 5. HP: 24/41 MP: 5/5
  2741 | D:4      | Reached skill level 4 in Axes
  2858 | D:4      | Reached XP level 6. HP: 47/47 MP: 6/6
  3356 | D:4      | Reached skill level 5 in Axes
  3651 | D:4      | Noticed an ogre
  3658 | D:4      | Killed an ogre
  3659 | D:4      | Reached XP level 7. HP: 51/52 MP: 7/7
  3680 | D:4      | Reached skill level 6 in Axes
  3998 | D:5      | Entered Level 5 of the Dungeon
  4137 | D:5      | Noticed Blork the orc
  4151 | D:5      | Killed Blork the orc
  4176 | D:5      | Found an ancient bone altar of Kikubaaqudgha.
  4355 | D:5      | Reached skill level 7 in Axes
  4355 | D:5      | Reached XP level 8. HP: 47/58 MP: 8/8
  4691 | D:5      | Reached skill level 8 in Axes
  5093 | D:5      | Noticed a wraith
  5115 | D:5      | Killed a wraith
  5752 | D:5      | Reached skill level 9 in Axes
  6393 | D:6      | Noticed Duvessa
  6393 | D:6      | Noticed Dowan
  6399 | D:6      | Killed Duvessa
  6400 | D:6      | Reached XP level 9. HP: 64/64 MP: 9/9
  6413 | D:6      | Killed Dowan
  6414 | D:6      | Reached skill level 10 in Axes
  6496 | D:6      | Found a basalt altar of Yredelemnul.
  7283 | D:6      | Found a blossoming altar of Fedhas.
  7294 | D:6      | Reached skill level 11 in Axes
  8262 | D:6      | Found a burning altar of Makhleb.
  8469 | D:7      | Found a staircase to the Ecumenical Temple.
  8497 | Temple   | Entered the Ecumenical Temple
  8534 | Temple   | Became a worshipper of Warmaster Okawaru
  8548 | D:7      | Reached skill level 12 in Axes
  8682 | D:7      | Reached XP level 10. HP: 41/70 MP: 10/10
  8872 | D:7      | Noticed Sigmund
  8878 | D:7      | Killed Sigmund
  8884 | D:7      | Noticed Edmund
  8891 | D:7      | Killed Edmund
  8937 | D:7      | Reached * piety under Okawaru
  9006 | D:7      | Found a stormy altar of Qazlal.
  9096 | D:7      | Reached skill level 13 in Axes
  9103 | D:7      | Found a runed translucent door.
  9106 | D:7      | Noticed pigah's ghost (novice OpAE)
 10349 | D:8      | Killed from afar by an orc priest

Illustrated notes

Levels and vault maps discovered:
D:1:      nzn_arrival_depleted_hourglass, layout_basic,
          ebering_ecumenical_altar_hall, minmay_pentomino_x2
D:2:      layout_loops_corners, nicolae_shop_vocational
D:3:      layout_basic, vehumet_crystals, jmf_multi_god_temple,
          minmay_misc_feat_pillars
D:4:      layout_layer_cave, minmay_joined_circles
D:5:      layout_basic, mainiacjoe_overflow_catwalk, minmay_misc_feat_square,
          grunt_ministairs_5, minmay_misc_feat_x, grunt_decor_mini_mirrors,
          uniq_blork_the_orc
D:6:      layout_basic, nicolae_yredelemnul_corpse_copse, kennysheep_diamond,
          hangedman_feature_mirror, uniq_duvessa
D:7:      layout_cave_pools, mainiacjoe_overflow_boulevard,
          minmay_temple_entry_overgrown, ebering_ghost_reflecting_pool,
          sigmund_edmund_badplayer
D:8:      layout_cave_pools, minitemple, nicolae_lava_and_water, uniq_joseph,
          uniq_erica, uniq_grum
Temple:   nicolae_temple_ecumenical_triangle

Skill      XL: |  1  2  3  4  5  6  7  8  9 10 |
---------------+-------------------------------+-----
Axes           | 3 4 5 7 9 12 13 | 13.6
Shields        | 5 6 7 |  7.0
Fighting       | |  3.2
Armour         | |  3.2

Action                   |  1- 3 |  4- 6 |  7- 9 | 10-12 || total
-------------------------+-------+-------+-------+-------++-------
Melee: War axe           |    91 |   187 |   335 |    45 ||   658
       Battleaxe         |       |       |       |    42 ||    42
 Abil: Dig               |       |     1 |     1 |       ||     2
Evoke: Wand              |       |       |     1 |       ||     1
  Use: Scroll            |       |     4 |    10 |     1 ||    15
       Potion            |       |     1 |     3 |     7 ||    11
Armor: Scale mail        |    44 |    89 |     7 |       ||   140
       Plate armour      |       |       |   168 |    54 ||   222
Dodge: Dodged            |    36 |   115 |   115 |    34 ||   300
Block: Buckler           |    24 |    59 |    80 |    18 ||   181

Table legend: (Time is in decaauts)
 A = Elapsed time spent in this place.
 B = Non-inter-level travel time spent in this place.
 C = Inter-level travel time spent in this place.
 D = Time resting spent in this place.
 E = Time spent auto-exploring this place.
 F = Levels seen in this place.
 G = Mean time per level.
                   A        B        C        D        E       F      G
               +--------+--------+--------+--------+--------+-----+--------+
         Total |  10471 |  10111 |    360 |   2966 |   5347 |   9 | 1163.4 |
       Dungeon |  10412 |  10056 |    356 |   2966 |   5317 |   8 | 1301.5 |
        Temple |     59 |     55 |      4 |      0 |     30 |   1 |   59.0 |
               +--------+--------+--------+--------+--------+-----+--------+

Top non-repeatable levels by time:
     D:6: 2199 daAuts
     D:5: 2179 daAuts
     D:7: 1620 daAuts
     D:4: 1492 daAuts
     D:2: 1161 daAuts
     D:1: 849 daAuts
     D:3: 598 daAuts
     D:8: 311 daAuts
  Temple: 59 daAuts
